 Dungeon Crawl Stone Soup version 0.31.0-32-g396128a36d (webtiles) character file.

Game seed: 9236256215254731149

36 nel the Slasher (level 3, 0/29 HPs)
             Began as a Demonspawn Monk on Apr 9, 2024.
             Slain by Natasha (6 damage)
             ... on level 2 of the Dungeon on Apr 10, 2024.
             The game lasted 00:05:12 (1041 turns).

nel the Slasher (Demonspawn Monk)                   Turns: 1041, Time: 00:05:12

Health: 0/29       AC:  3    Str: 11    XL:     3   Next: 19%
Magic:  3/3        EV: 13    Int: 12    God:
Gold:   104        SH:  0    Dex: 15    Spells: 2/2 levels left

rFire   . . .        a - +0 falchion
rCold   . . .        d - orb {light}
rNeg    . . .        b - +0 robe
rPois   .            (helmet restricted)
rElec   .            (no cloak)
rCorr   .            (no gloves)
SInv    .            i - +0 pair of boots
Will    .....        (no amulet)
Stlth   +            (no ring)
HPRegen 0.24/turn    (no ring)
MPRegen 0.08/turn

%: no passive effects
@: attractive, slowed, glowing, very slow
A: horns 2
a: no special abilities


You were on level 2 of the Dungeon.
You visited 1 branch of the dungeon, and saw 2 of its levels.

You collected 104 gold pieces.

Inventory:

Hand Weapons
 a - a +0 falchion (weapon)
 f - a +2 dagger of pain
Missiles
 h - 4 poisoned darts (quivered)
Armour
 b - a +0 robe (worn)
 d - an orb of light (worn)
 i - a +0 pair of boots (worn)
Scrolls
 g - a scroll of identify {unknown}
 j - a scroll of immolation {unknown}
 k - a scroll of revelation {unknown}
Potions
 c - a potion of ambrosia


   Skills:
 - Level 3.1 Fighting
 * Level 3.5 Long Blades
 + Level 3.1 Dodging


You had 2 spell levels left.
You didn't know any spells.
Your spell library contained the following spells:

 Spells                   Type           Power      Damage    Failure   Level
 Magic Dart               Conj           0%         1d3       32%         1
 Blink                    Tloc           0%         N/A       45%         2
 Call Imp                 Summ           0%         N/A       45%         2
 Dazzling Flash           Conj/Hex       0%         N/A       69%         3
 Stone Arrow              Conj/Erth      0%         3d7       69%         3
 Volatile Blastmotes      Fire/Tloc      0%         2d10      69%         3
 Animate Armour           Summ/Erth      0%         N/A       97%         4
 Starburst                Conj/Fire      0%         6d3       100%        6
 Lehudib's Crystal Spear  Conj/Erth      0%         10d2      100%        8
 Maxwell's Capacitive Co  Air            0%         ∞         100%        8
 Chain Lightning          Conj/Air       0%         N/A       100%        9
 Fire Storm               Conj/Fire      0%         5d1       100%        9
 Shatter                  Erth           0%         3d5*      100%        9


Dungeon Overview and Level Annotations

Branches:
Dungeon (2/15)

Altars:

Annotations:
D:2 Natasha


Innate Abilities, Weirdness & Mutations

You have a pair of horns on your head.


Message History

You now have 104 gold pieces (gained 14).
A goblin comes into view. It is wielding a +0 dagger.
The goblin shouts!
You hear an angry hiss. x2
A goblin is nearby!
Unknown command.
A frilled lizard comes into view.
The frilled lizard hisses angrily.
Natasha, Servant of Life and Death comes into view.
A dart slug comes into view.
A dart slug comes into view.
The goblin completely misses you.
You hit the goblin.
The goblin is moderately wounded.
Natasha stares at you and mumbles some strange words.
You feel yourself slow down. The goblin hits you with a +0 dagger.
You hit the goblin.
You kill the goblin!
Natasha mumbles some strange words.
The frilled lizard misses you.
Unknown command.
The cerulean imp shouts!
The frilled lizard attacks as it pursues you!
The frilled lizard closely misses you. Natasha casts a spell at you.
The magic dart hits you. The frilled lizard misses you. Natasha claws you.
You hit Natasha.
Natasha is lightly wounded.
The frilled lizard barely misses you.
The cerulean imp hits you from afar with a +2 spear!
Natasha claws you.
* * * LOW HITPOINT WARNING * * *
The frilled lizard bites you.
* * * LOW HITPOINT WARNING * * *
It was a potion of attraction.
You feel attractive to monsters.
The cerulean imp hits you but does no damage.
Natasha claws you.
You die...
Natasha curls up and begins to purr.

.. ######.# #......
#.#...# #.#.#.#
#.....#.#. ##5#w......
###hlw).# ##..@###.#
#..#.# ..
##....###.#...
##.........##.##
##.......#.... ..
#............# .
#.>........#.# .#..
#............###....
#....................#


You could see Natasha, a cerulean imp (summoned), 2 dart slugs and a frilled
lizard.

Vanquished Creatures
  2 bats (D:1)
  6 endoplasms
  A giant cockroach (D:1)
  2 hobgoblins (D:1)
  5 ball pythons
  6 frilled lizards
  4 goblins
  5 kobolds (D:1)
  2 rats
33 creatures vanquished.

Notes
Turn   | Place    | Note
-------+----------+-------------------------------------------
     0 | D:1      | nel the Demonspawn Monk began the quest for the Orb.
     0 | D:1      | Reached XP level 1. HP: 18/18 MP: 1/1
    99 | D:1      | Gained mutation: You have a pair of small horns on your
                  | head. [demonic ancestry]
    99 | D:1      | Reached XP level 2. HP: 15/24 MP: 2/2
   421 | D:1      | Found a faded altar of an unknown god.
   665 | D:1      | Gained mutation: You have a pair of horns on your head.
                  | [demonic ancestry]
   665 | D:1      | Reached XP level 3. HP: 29/29 MP: 3/3
   943 | D:2      | Found Laciung's Weapon Shoppe.
  1033 | D:2      | Noticed Natasha
  1041 | D:2      | Slain by Natasha

Illustrated notes

Levels and vault maps discovered:
D:1:      lightli_arrival_maybe_door_vault, layout_basic,
          nicolae_ecumenical_lake_church, item_on_display_a
D:2:      layout_rooms, basic_altar, serial_rivers,
          chequers_serial_rivers_micro_a, chequers_serial_rivers_micro_e,
          chequers_serial_rivers_marsh, chequers_serial_rivers_marsh,
          chequers_serial_rivers_small_a, chequers_serial_rivers_room_b,
          serial_shops, shop, minmay_fractal_squares_5, uniq_natasha

Skill      XL: |  1  2 |
---------------+-------+-----
Long Blades    | 3 |  3.5
Dodging        | 3 |  3.1
Fighting       | |  3.1

Action                     || total
---------------------------++-------
  Melee: Falchion          ||    75
         Headbutt          ||     7
    Use: Potion            ||     1
 Armour: Robe              ||    35
  Dodge: Dodged            ||    47
